 Dungeon Crawl Stone Soup version 0.31.0-11-ge490571c62 (console) character file.

Game seed: 11757564011624874657

1 zenocrate the Sneak (level 1, 0/19 HPs)
             Began as a Minotaur Delver on Feb 1, 2024.
             Slain by an endoplasm (1 damage)
             ... on level 4 of the Dungeon.
             The game lasted 00:00:25 (46 turns).

zenocrate the Sneak (Minotaur Delver)                 Turns: 46, Time: 00:00:25

Health: 0/19       AC:  3    Str: 16    XL:     1   Next: 16%
Magic:  0/0        EV: 11    Int:  7    God:
Gold:   16         SH:  0    Dex: 11    Spells: 0/0 levels left

rFire   . . .        a - +0 hand axe
rCold   . . .        (no shield)
rNeg    . . .        b - +0 leather armour
rPois   .            (helmet restricted)
rElec   .            (no cloak)
rCorr   .            (no gloves)
SInv    .            (no boots)
Will    .....        (no amulet)
Stlth   ++           (no ring)
HPRegen 0.23/turn    (no ring)
MPRegen 0.07/turn

%: no passive effects
@: lethally poisoned (0 -> -4)
A: horns 2, retaliatory headbutt
a: no special abilities


You were on level 4 of the Dungeon.
You visited 1 branch of the dungeon, and saw 2 of its levels.

You collected 16 gold pieces.

Inventory:

Hand Weapons
 a - a +0 hand axe (weapon)
Armour
 b - a +0 leather armour (worn)
Wands
 g - a wand of digging (3)
Scrolls
 c - a scroll of fog
 d - a scroll of revelation
 e - a scroll of fear
 h - a scroll of teleportation {unknown}
Potions
 f - a potion of haste


   Skills:
 - Level 3.6 Fighting
 + Level 2.6 Axes
 - Level 2.1 Dodging
 - Level 4.1 Stealth


You couldn't memorise any spells.
You didn't know any spells.
Your spell library was empty.

Dungeon Overview and Level Annotations

Branches:
Dungeon (5/15)
 Temple: D:4-7

Altars:


Innate Abilities, Weirdness & Mutations

You have a pair of horns on your head.
You reflexively headbutt those who attack you in melee.


Message History

You hit the adder. Your headbutt misses the adder.
The adder is lightly wounded.
The adder barely misses you. The adder bites you.
You are poisoned.
The adder poisons you!
You hit the adder but do no damage.
The adder is lightly wounded.
You feel sick. The adder bites you but does no damage.
You hit the adder. Your headbutt misses the adder.
The adder is lightly wounded.
You feel sick. The adder bites you. x2
You are lethally poisoned!
The adder poisons you!
Okay, then.
Okay, then.
You are too injured to fight recklessly!
You miss the adder.
The adder is lightly wounded.
You barely miss the endoplasm.
* * * LOW HITPOINT WARNING * * *
You feel very sick. The endoplasm freezes you.
You are frozen.
* * * LOW HITPOINT WARNING * * *
The adder barely misses you. You furiously retaliate!
You headbutt the adder.
The endoplasm hits you but does no damage.
You closely miss the adder.
The adder is heavily wounded.
You barely miss the endoplasm.
* * * LOW HITPOINT WARNING * * *
You feel sick. The adder misses you. The adder bites you.
* * * LOW HITPOINT WARNING * * *
The endoplasm barely misses you.
Unknown command.
You slash the adder!
You kill the adder!
You hit the endoplasm but do no damage.
* * * LOW HITPOINT WARNING * * *
You feel sick. The endoplasm hits you.
You die...

... .... ... ....#
#########.####....
#...........##.#.#
#...........##.#.#
#...........##.#.#
#...........##.#.#
#.....@.....##...#
#.....J.....##...###
#..................####
#...........###.......#
#...........###.......#
#.....................#
#...........###.......#
#......(....# #.......#
#######+##### #.......#
#.......# #.......#


You could see an endoplasm.

Vanquished Creatures
  An adder (D:4)
  A giant cockroach (D:4)
2 creatures vanquished.

Notes
Turn   | Place    | Note
-------+----------+-------------------------------------------
     0 | D:5      | zenocrate the Minotaur Delver began the quest for the Orb.
     0 | D:5      | Reached XP level 1. HP: 19/19 MP: 0/0
    46 | D:4      | Slain by an endoplasm

Illustrated notes

Levels and vault maps discovered:
D:4:      layout_basic, mainiacjoe_overflow_boulevard,
          gammafunk_temple_overflow_statue,
          mainiacjoe_overflow_concentric_impassable, temple_pool_b, uniq_pikel,
          uniq_duvessa, uniq_natasha
D:5:      layout_rooms, kennysheep_generic_room_8

Action                     || total
---------------------------++-------
  Melee: Hand axe          ||     8
         Headbutt          ||     1
   Stab: Sleeping          ||     1
 Armour: Leather armour    ||     9
  Dodge: Dodged            ||     4
